 Dungeon Crawl Stone Soup version 0.30-a0-168-g0b976cbdc4 (webtiles) character file.

Game seed: 9388606293321888145

81 Pooter the Shooter (level 4, -1/39 HPs)
             Began as a Minotaur Hunter on Sept 29, 2022.
             Slain by Terence
             ... wielding a +0 mace of protection
              (2 damage)
             ... on level 3 of the Dungeon.
             The game lasted 00:10:33 (1670 turns).

Pooter the Shooter (Minotaur Hunter)                Turns: 1670, Time: 00:10:33

Health: -1/39      AC:  8    Str: 17    XL:     4   Next: 20%
Magic:  3/3        EV:  7    Int:  6    God:
Gold:   99         SH:  0    Dex: 14    Spells: 3/3 levels left

rFire   . . .      SeeInvis .    a - +0 hand axe
rCold   . . .      Faith    .    (no shield)
rNeg    . . .      Spirit   .    l - +0 chain mail
rPois   .          Reflect  .    (helmet restricted)
rElec   .          Harm     .    (no cloak)
rCorr   .          Rampage  .    (no gloves)
Will    .....                    (no boots)
Stlth   ..........               (no amulet)
HPRegen 0.13/turn                (no ring)
MPRegen 0.08/turn                (no ring)

@: no status effects
A: horns 2, retaliatory headbutt
a: no special abilities


You were on level 3 of the Dungeon.
You visited 1 branch of the dungeon, and saw 3 of its levels.

You collected 99 gold pieces.

Inventory:

Hand Weapons
 a - a +0 hand axe (weapon)
   (You found it on level 3 of the Dungeon)
 b - a +0 shortbow
 k - a +2 dagger of protection
   (You took it off a kobold on level 1 of the Dungeon)
 m - a +0 falchion
   (You found it on level 2 of the Dungeon)
Missiles
 Q - 10 stones (quivered)
Armour
 l - a +0 chain mail (worn)
   (You found it on level 2 of the Dungeon)
Wands
 D - a wand of digging (5)
   (You found it on level 3 of the Dungeon)
Scrolls
 c - a scroll of magic mapping {unknown}
 d - 2 scrolls of immolation {!r}
 h - 2 scrolls of silence
 i - 2 scrolls of vulnerability {unknown}
Potions
 e - 3 potions of curing {unknown}
 f - a potion of lignification {!q}
 g - 2 potions of cancellation
 j - 4 potions of might {unknown}
 n - a potion of magic {unknown}


   Skills:
 + Level 3.6 Fighting
 * Level 0.6 Axes
 * Level 5.7 Ranged Weapons
 - Level 2.1 Dodging
 - Level 0.7 Stealth


You had 3 spell levels left.
You didn't know any spells.
Your spell library contained the following spells:

 Spells                   Type           Power      Damage    Failure   Level
 Cause Fear               Hex            0%         N/A       100%        4
 Dragon Form              Tmut           0%         N/A       100%        7
 Dragon's Call            Summ           0%         N/A       100%        9


Dungeon Overview and Level Annotations

Branches:
Dungeon (3/15)

Altars:

Annotations:
D:3 Terence


Innate Abilities, Weirdness & Mutations

You have a pair of horns on your head.
You reflexively headbutt those who attack you in melee.


Message History

A worm comes into view.
a - a +0 hand axe (weapon)
You hit Terence but do no damage. You headbutt Terence!
Terence hits you with a +0 mace of protection.
Terence closely misses you.
A goblin comes into view. It is wielding a +0 club.
You completely miss Terence.
The goblin shouts!
Terence hits you with a +0 mace of protection!
You hit Terence but do no damage. Your headbutt misses Terence.
Terence hits you with a +0 mace of protection.
You hit Terence but do no damage.
Terence hits you with a +0 mace of protection.
You barely miss Terence. Terence barely misses you.
Terence hits you but does no damage.
You hit Terence but do no damage. You headbutt Terence.
Terence hits you with a +0 mace of protection.
* * * LOW HITPOINT WARNING * * *
You hit Terence but do no damage.
Terence hits you with a +0 mace of protection.
* * * LOW HITPOINT WARNING * * *
You hit Terence. Terence hits you but does no damage.
Unknown command.
You hit Terence but do no damage. Your headbutt misses Terence.
Terence hits you but does no damage.
You barely miss Terence. Terence completely misses you.
You furiously retaliate!
You headbutt Terence, but do no damage.
Terence hits you with a +0 mace of protection.
* * * LOW HITPOINT WARNING * * *
You hit Terence.
Terence hits you with a +0 mace of protection.
* * * LOW HITPOINT WARNING * * *
You barely miss Terence. Your headbutt misses Terence.
Terence hits you but does no damage.
Unknown command.
You hit Terence but do no damage. Terence barely misses you.
You furiously retaliate!
You headbutt Terence, but do no damage.
Unknown command.
You completely miss Terence. Terence barely misses you.
Terence hits you with a +0 mace of protection!
* * * LOW HITPOINT WARNING * * *
You hit Terence but do no damage. Terence hits you but does no damage.
Unknown command.
You closely miss Terence. You headbutt Terence, but do no damage.
Terence hits you with a +0 mace of protection.
* * * LOW HITPOINT WARNING * * *
You barely miss Terence.
Terence says, "You're history."
Terence hits you with a +0 mace of protection.
You die...

##'## # #..
##...## #.
... #.....##
.# #.#
.......##
.....
........#
.#.#
........+ .g#
........# #w#
.......## #@#
#.....## #@#
##...## #.#
##'## #.# #.#
#.# #.#
####### #.#
##.###.....#
#.#
##...##.###.#
#.#
#.....#)###.#
#.#
.>........#.#
#.#


You could see Terence, a worm and a goblin.

Vanquished Creatures
  2 adders
  4 dart slugs
  2 orcs
  2 ball pythons
  5 endoplasms
  4 giant cockroaches
  4 goblins
  5 hobgoblins
  3 jackals (D:2)
  4 kobolds
  2 quokkas
  5 bats
  2 frilled lizards (D:1)
  4 rats
48 creatures vanquished.

Notes
Turn   | Place    | Note
-------+----------+-------------------------------------------
     0 | D:1      | Pooter the Minotaur Hunter began the quest for the Orb.
     0 | D:1      | Reached XP level 1. HP: 18/18 MP: 0/0
   166 | D:1      | Reached XP level 2. HP: 25/25 MP: 1/1
   250 | D:1      | Reached skill level 5 in Ranged Weapons
   684 | D:2      | Reached XP level 3. HP: 31/31 MP: 2/2
  1390 | D:3      | Reached XP level 4. HP: 33/38 MP: 3/3
  1648 | D:3      | Noticed Terence
  1669 | D:3      | HP: 1/39 [Terence/+0 mace of protection (1)]
  1670 | D:3      | Slain by Terence

Illustrated notes

Levels and vault maps discovered:
D:1:      dpeg_arrival_court, layout_rooms,
          wander_ebering_terrifying_dragon_lair
D:2:      layout_rooms, fountainhead
D:3:      layout_loops_corners, uniq_terence

Skill      XL: |  1  2 |
---------------+-------+-----
Fighting       | 3 |  3.6
Ranged Weapons | 5 |  5.7
Axes           | |  0.6
Dodging        | |  2.1
Stealth        | |  0.7

Action                   |  1- 3 |  4- 6 || total
-------------------------+-------+-------++-------
Melee: Club              |     2 |       ||     2
       Short sword       |     4 |       ||     4
       Headbutt          |     4 |     4 ||     8
       Falchion          |    21 |       ||    21
       Hand axe          |     3 |    21 ||    24
       Dagger            |     1 |       ||     1
 Fire: Shortbow          |   108 |    10 ||   118
  Use: Scroll            |     3 |       ||     3
Armor: Leather armour    |    10 |       ||    10
       Chain mail        |    29 |    13 ||    42
Dodge: Dodged            |    28 |     9 ||    37

Table legend: (Time is in decaauts)
 A = Elapsed time spent in this place.
 B = Non-inter-level travel time spent in this place.
 C = Inter-level travel time spent in this place.
 D = Time resting spent in this place.
 E = Time spent auto-exploring this place.
 F = Levels seen in this place.
 G = Mean time per level.
                   A        B        C        D        E       F      G
               +--------+--------+--------+--------+--------+-----+--------+
         Total |   1723 |   1694 |     29 |     35 |   1254 |   3 |  574.3 |
       Dungeon |   1723 |   1694 |     29 |     35 |   1254 |   3 |  574.3 |
               +--------+--------+--------+--------+--------+-----+--------+

Top non-repeatable levels by time:
     D:1: 693 daAuts
     D:2: 613 daAuts
     D:3: 416 daAuts
